 Dungeon Crawl Stone Soup version 0.22-a0-553-g9358b0b (webtiles) character file.

402 inc the Conjurer (level 6, -12/36 HPs)
             Began as an Octopode Fire Elementalist on June 25, 2018.
             Mangled by Pikel
             ... wielding a +0 whip of electrocution
              (20 damage)
             ... on level 5 of the Dungeon.
             The game lasted 00:07:04 (4909 turns).

inc the Conjurer (Octopode Fire Elementalist)       Turns: 4909, Time: 00:07:05

Health: -12/36     AC:  1    Str:  7    XL:     6   Next: 85%
Magic:  5/10       EV: 13    Int: 19    God:
Gold:   207        SH:  0    Dex: 13    Spells: 10/11 levels left

rFire    . . .     SeeInvis .   q - +2 dagger (venom)
rCold    . . .     Gourm    .   (no shield)
rNeg     . . .     Faith    .   (helmet restricted)
rPois    .         Spirit   .   (no amulet)
rElec    .         Reflect  .   n - ring of wizardry
rCorr    .         Harm     .   (no ring)
MR       .....                  (no ring)
Stlth    +++.......             (no ring)
HPRegen  0.12/turn              (no ring)
MPRegen  0.12/turn              (no ring)
                                (no ring)
                                (no ring)

@: no status effects
A: almost no armour, stealthy swim, amphibious, 8 rings, constrict 8, camouflage
1, gelatinous body 1
a: no special abilities


You were on level 5 of the Dungeon.
You were hungry.

You visited 1 branch of the dungeon, and saw 5 of its levels.

You collected 207 gold pieces.

Inventory:

Hand Weapons
 j - a +3 short sword
 q - a +2 dagger of venom (weapon)
Jewellery
 n - a ring of wizardry (left tentacle)
Scrolls
 d - a scroll of fog {unknown}
 g - 4 scrolls of teleportation
 h - a scroll of blinking {unknown}
 i - 5 scrolls of identify {unknown}
 k - 3 scrolls of remove curse {unknown}
 l - a scroll of random uselessness {unknown}
 o - a scroll of amnesia {unknown}
 p - 2 scrolls of fear {unknown}
 s - a scroll of magic mapping {unknown}
Potions
 a - 2 potions of curing
 c - a potion of brilliance {unknown}
 e - 2 potions of agility {unknown}
 f - a potion of haste {unknown}
 m - a potion of heal wounds {unknown}
 r - a potion of degeneration {unknown}
 t - a potion of mutation {unknown}
Comestibles
 b - 9 rations


   Skills:
 - Level 2.0 Dodging
 - Level 2.6 Stealth
 + Level 3.0 Spellcasting
 + Level 5.2 Conjurations
 + Level 4.5 Fire Magic


You had 10 spell levels left.
You knew the following spells:

 Your Spells              Type           Power        Failure   Level  Hunger
a - Flame Tongue          Conj/Fire      ###..        1%          1    None

Your spell library contained the following spells:

 Spells                   Type           Power        Failure   Level  Hunger
 Fireball                 Conj/Fire      ###.......   22%         5    ######.
 Conjure Flame            Conj/Fire      ###.....     2%          3    ###....
 Throw Flame              Conj/Fire      ###...       1%          2    ##.....
 Sticky Flame             Conj/Fire      ###.....     9%          4    ####...
 Inner Flame              Hex/Fire       ##......     8%          3    ###....


Dungeon Overview and Level Annotations

Branches:
Dungeon (5/15)
 Temple: D:4-7

Altars:
Ashenzari
Elyvilon
Okawaru
Qazlal

Annotations:
D:4 3 runed doors, kirsanium's ghost, amateur FoFi
D:5 Pikel


Innate Abilities, Weirdness & Mutations

You cannot wear most types of armour.
You are very stealthy in the water. (Stealth+)
You are amphibious.
You can wear up to eight rings at the same time.
You can use your tentacles to constrict eight enemies at once.
Your skin changes colour to match your surroundings (Stealth+).
Your rubbery body absorbs attacks. (AC +1, EV +1)


Message History

Casting: Flame Tongue (safe; 1% risk of failure)
Confirm with . or Enter, or press ? or * to list all spells.
Aiming: Flame Tongue (safe; 1% risk of failure)
Press: ? - help, Shift-Dir - straight line, f/p - Pikel
Aim: Pikel, wielding a whip of electrocution and wearing a robe (moderately wounded)
The flame tongue hits Pikel.
Pikel is heavily wounded.
Pikel hits you with a whip of electrocution.
Casting: Flame Tongue (safe; 1% risk of failure)
Confirm with . or Enter, or press ? or * to list all spells.
Aiming: Flame Tongue (safe; 1% risk of failure)
Press: ? - help, Shift-Dir - straight line, f/p - Pikel
Aim: Pikel, wielding a whip of electrocution and wearing a robe (heavily wounded)
The flame tongue hits Pikel.
Pikel is severely wounded.
Pikel hits you with a whip of electrocution!
* * * LOW HITPOINT WARNING * * *
You are electrocuted!
Ouch! That really hurt!
You die...

........# ........#
....#####
....###################
....'............))...#
....##########.######.#
....# #####.#<.....#
##### #[.....#######
#.#..)K@...# #.##.###.#
#. #.$# # .>......#
###.###.. # ##.# #.#
#.. #..##


You could see Pikel.

Vanquished Creatures
  A slave (D:4)
  An ogre (D:5)
  2 crimson imps (D:5)
  A bullfrog skeleton (D:5)
  A centaur skeleton (D:5)
  A hound (D:5)
  A hound skeleton (D:3)
  6 adders
  An adder zombie (D:5)
  2 worms
  4 dart slugs
  2 leopard geckos
  10 orcs
  8 bats
  3 giant cockroaches
  5 goblins
  5 hobgoblins
  8 jackals
  7 kobolds
  A quokka (D:3)
  2 ball pythons
  6 frilled lizards
  A leopard gecko skeleton (D:5)
  A quokka skeleton (D:5)
  7 rats
87 creatures vanquished.

Notes
Turn   | Place    | Note
-------+----------+-------------------------------------------
     0 | D:1      | inc the Octopode Fire Elementalist began the quest for the Orb.
     0 | D:1      | Reached XP level 1. HP: 11/11 MP: 3/3
   124 | D:1      | Reached skill level 2 in Conjurations
   124 | D:1      | Reached XP level 2. HP: 17/17 MP: 0/5
   669 | D:1      | Reached XP level 3. HP: 17/21 MP: 2/6
   836 | D:2      | Reached skill level 3 in Conjurations
   914 | D:2      | Found a stormy altar of Qazlal.
  1093 | D:2      | Found an iron altar of Okawaru.
  1307 | D:2      | You fall through a shaft!
  1311 | D:3      | Reached XP level 4. HP: 18/27 MP: 3/7
  1724 | D:3      | Reached skill level 4 in Conjurations
  2307 | D:3      | Reached XP level 5. HP: 15/31 MP: 0/8
  2525 | D:3      | Found a faded altar of an unknown god.
  2718 | D:3      | Found a shattered altar of Ashenzari.
  3073 | D:4      | Found a white marble altar of Elyvilon.
  3394 | D:4      | Found a runed gate.
  3394 | D:4      | Found a runed gate.
  3397 | D:4      | Noticed kirsanium's ghost (amateur FoFi)
  3402 | D:4      | Found a runed gate.
  3762 | D:5      | Entered Level 5 of the Dungeon
  3762 | D:5      | Noticed Pikel
  3762 | D:5      | Noticed a slave
  3764 | D:5      | Noticed a slave
  3765 | D:5      | Noticed a slave
  4090 | D:5      | Noticed an ogre
  4157 | D:5      | Noticed an ogre
  4161 | D:4      | Killed a slave
  4492 | D:5      | Reached XP level 6. HP: 28/36 MP: 7/9
  4521 | D:5      | Reached skill level 5 in Conjurations
  4909 | D:5      | Mangled by Pikel

Vault maps used:
D:1:      evilmike_arrival_rings, lemuel_old_faithful
D:2:      old_standard_altar, lemuel_round_altar, first_ration,
          guppyfry_early_lair_pool
D:3:      chequers_ecumenical_altar_simple_redux, hangedman_feature_mirror,
          nicolae_ashenzari_panopticon
D:4:      kennysheep_mini, ebering_ghost_rock_garden
D:5:      kennysheep_small_spiral, grunt_decor_clamped, uniq_pikel

Skill      XL: |  1  2  3  4  5  6 |
---------------+-------------------+-----
Conjurations   | 2 3 4 5 |  5.2
Fire Magic     | 4 |  4.5
Spellcasting   | 3 |  3.0
Dodging        | |  2.0
Stealth        | |  2.6

Action                   |  1- 3 |  4- 6 || total
-------------------------+-------+-------++-------
Melee: Unarmed           |    10 |     9 ||    19
       Constrict         |     5 |    12 ||    17
       Tentacles         |     1 |     9 ||    10
       Short sword       |       |     6 ||     6
       Dagger            |       |    35 ||    35
 Cast: Flame Tongue      |    51 |   104 ||   155
  Use: Scroll            |     1 |       ||     1
       Potion            |       |     1 ||     1
 Stab: Sleeping          |     1 |       ||     1
  Eat: Chunk             |     2 |     8 ||    10
       Ration            |       |     1 ||     1
Armor: Skin              |     1 |     9 ||    10
Dodge: Dodged            |    14 |    68 ||    82

Table legend:
 A = Spawn XP
 B = Non-spawn XP
 C = Spawn XP percentage of total XP
 D = Spawn monster count
 E = Non-spawn monster count
 F = Spawn count percentage of total count
 G = Total turns spent on level
                    A         B        C        D         E        F      G
               +---------+---------+-------+---------+---------+-------+---------
         Total |       0 |     575 |   0.0 |       0 |      86 |   0.0 |  4909
               +---------+---------+-------+---------+---------+-------+---------
           D:1 |       0 |      38 |   0.0 |       0 |      19 |   0.0 |   834
           D:2 |       0 |      35 |   0.0 |       0 |      14 |   0.0 |   515
           D:3 |       0 |     105 |   0.0 |       0 |      35 |   0.0 |  1470
           D:4 |       0 |      29 |   0.0 |       0 |       3 |   0.0 |  1481
           D:5 |       0 |     368 |   0.0 |       0 |      15 |   0.0 |   609
               +---------+---------+-------+---------+---------+-------+---------
